Wild vs Oilers

Created - December 5 2006 at 19:44

Goals
1 2 3 T
Wild 0 0 2 2
Oilers 3 2 0 5
Shots
1 2 3 T
Wild 4 10 18 32
Oilers 10 15 9 34

Period #1

1. Oilers , Keith Tkachuk 3 (Steve Staios, Ales Hemsky) at 18:04
2. Oilers , Jarret Stoll 2 (Joffrey Lupul, Jason Smith) at 19:01
3. Oilers , Ryan Smyth 3 (Shawn Horcoff) at 19:05

Penalities :
Marian Gaborik (MIN) for Charging (Minor) at 0:15, Steve Staios (EDM) for Interference (Minor) at 2:44, Steve Staios (EDM) for Hooking (Minor) at 5:18, Mike Sillinger (EDM) for Boarding (Minor) at 8:59, Kyle Calder (MIN) for Diving (Minor) at 10:43

Period #2

4. Oilers , Ales Hemsky 2 (Shawn Horcoff, Keith Tkachuk) at 8:27 (PP)
5. Oilers , Ales Hemsky 3 (Marc-Andre Bergeron, Steve Staios) at 19:35

Penalities :
Lubomir Visnovsky (MIN) for Tripping (Minor) at 3:35, Petr Sykora (EDM) for Hooking (Minor) at 6:00, Kurtis Foster (MIN) for Interference (Minor) at 8:03

Period #3

6. Wild , Wes Walz 1 (Kurtis Foster, Pierre-Marc Bouchard) at 2:33
7. Wild , Pavol Demitra 3 (Kim Johnsson) at 9:28

Penalities :
Jarret Stoll (EDM) for Hooking (Minor) at 0:25, Steve Staios (EDM) for High sticking (Minor) at 5:21, Brendan Witt (EDM) for Elbowing (Minor) at 13:07, Keith Tkachuk (EDM) for Holding (Minor) at 15:15, Ales Hemsky (EDM) for Elbowing (Minor) at 17:19, Kurtis Foster (MIN) for Slashing (Minor) at 19:08

Goalie Stats

Manny Fernandez (MIN), 12 saves from 16 shots - (0.750), L, 1-3-0, 28:27 minutes
Jason Bacashihua (MIN), 17 saves from 18 shots - (0.944), 32:33 minutes
Dwayne Roloson (EDM), 30 saves from 32 shots - (0.938), W, 3-3-0, 60:00 minutes

Players Stats

Wild
Player Name              G  A  P  +/- PIM S  H  SB FO MP 
-----------------------------------------------------------
Alexandre Daigle         0  0  0   0  0   4  0  0  3  14 
Brian Rolston            0  0  0   1  0   5  1  0  9  26 
Eric Brewer              0  0  0   0  0   0  1  0  0  5  
Keith Carney             0  0  0  -1  0   0  0  5  0  23 
Kim Johnsson             0  1  1   1  0   1  0  1  0  22 
Kurtis Foster            0  1  1  -2  4   0  0  1  0  15 
Kyle Calder              0  0  0  -2  2   5  0  0  0  22 
Lubomir Visnovsky        0  0  0   1  2   1  1  0  0  24 
Marian Gaborik           0  0  0   1  2   3  0  0  6  20 
Mark Parrish             0  0  0  -2  0   4  0  0  4  20 
Martin Skoula            0  0  0  -2  0   1  1  2  0  24 
Mikael Samuelsson        0  0  0   0  0   0  0  1  0  6  
Mikko Koivu              0  0  0   0  0   0  0  0  4  5  
Nick Schultz             0  0  0  -1  0   0  1  2  0  14 
Pavol Demitra            1  0  1   0  0   4  2  0  27 22 
Pierre-Marc Bouchard     0  1  1  -1  0   3  0  0  2  16 
Todd White               0  0  0  -2  0   0  1  0  20 20 
Wes Walz                 1  0  1  -1  0   1  1  0  15 13 
Oilers
Player Name              G  A  P  +/- PIM S  H  SB FO MP 
-----------------------------------------------------------
Ales Hemsky              2  1  3   1  2   5  0  0  1  17 
Brendan Witt             0  0  0   1  2   0  1  2  0  21 
Ethan Moreau             0  0  0   0  0   0  0  0  3  4  
Fernando Pisani          0  0  0   0  0   3  1  0  0  21 
Jarret Stoll             1  0  1   0  2   2  1  0  19 17 
Jason Smith              0  1  1   0  0   1  0  1  0  23 
Joffrey Lupul            0  1  1   0  0   5  0  0  3  13 
Keith Tkachuk            1  1  2   1  2   2  0  1  1  19 
Marc-Andre Bergeron      0  1  1   1  0   0  0  2  0  15 
Marty Reasoner           0  0  0   1  0   1  0  0  15 13 
Mike Sillinger           0  0  0   1  2   3  1  0  0  12 
Nicklas Lidstrom         0  0  0   1  0   0  0  2  0  25 
Petr Sykora              0  0  0   0  2   1  0  0  0  8  
Raffi Torres             0  0  0   0  0   1  0  0  15 12 
Ruslan Salei             0  0  0   0  0   0  0  1  0  23 
Ryan Smyth               1  0  1   1  0   5  0  0  4  21 
Shawn Horcoff            0  2  2   1  0   3  0  0  29 22 
Steve Staios             0  2  2   1  6   2  3  1  0  13 

3 Stars

1 - Ales Hemsky (EDM)
2 - Dwayne Roloson (EDM)
3 - Keith Tkachuk (EDM)

Power Play

Wild - 0 on 9 Attempt(s) - 0.00%
Oilers - 1 on 5 Attempt(s) - 20.00%

Penalty Kill

Wild - 4 on 5 Attempt(s) - 80.00% - Score 0 goal in Penalty Kill
Oilers - 9 on 9 Attempt(s) - 100.00% - Score 0 goal in Penalty Kill

Game Notes

Jason Bacashihua enters game at 8:27 of 2nd period

Finance

Level 1 -- Attendance: 4034 (80.68%) -- Ticket Income $403,400.00
Level 2 -- Attendance: 3315 (77.99%) -- Ticket Income $198,900.00
Level 3 -- Attendance: 1725 (80.65%) -- Ticket Income $60,375.00
Level 4 -- Attendance: 3435 (85.87%) -- Ticket Income $68,700.00
Luxury Box -- Attendance: 655 (65.50%) -- Ticket Income $131,000.00
Game was played at the Rexall Place
Total Attendance: 13164 (80.32%)
Total Ticket Income: $883,761.60
Other Expense: $106,943.60
Total Income: $776,818.00


Play by Play

Period #1

0:01 of 1st period - Shawn Horcoff wins face-off versus Pavol Demitra in neutral zone.
0:15 of 1st period - Minor Penalty to Marian Gaborik for Charging.
0:16 of 1st period - Shawn Horcoff wins face-off versus Brian Rolston in Wild zone.
2:17 of 1st period - Shot by Petr Sykora.
2:17 of 1st period - Shot Misses the Net.
2:41 of 1st period - Pierre-Marc Bouchard is hit by Steve Staios and loses puck.
2:44 of 1st period - Minor Penalty to Steve Staios for Interference.
2:45 of 1st period - Raffi Torres wins face-off versus Pavol Demitra in Oilers zone.
3:52 of 1st period - Shot by Kyle Calder.
3:52 of 1st period - Stopped by Dwayne Roloson without a rebound.
3:53 of 1st period - Todd White wins face-off versus Shawn Horcoff in Oilers zone.
5:05 of 1st period - Alexandre Daigle is hit by Steve Staios and loses puck.
5:18 of 1st period - Minor Penalty to Steve Staios for Hooking.
5:19 of 1st period - Brian Rolston wins face-off versus Shawn Horcoff in Oilers zone.
7:21 of 1st period - Icing by Marc-Andre Bergeron.
7:22 of 1st period - Wes Walz wins face-off versus Marty Reasoner in Oilers zone.
7:41 of 1st period - Shot by Pierre-Marc Bouchard.
7:41 of 1st period - Stopped by Dwayne Roloson with a rebound.
7:44 of 1st period - Shot by Alexandre Daigle.
7:44 of 1st period - Stopped by Dwayne Roloson without a rebound.
7:45 of 1st period - Todd White wins face-off versus Joffrey Lupul in Oilers zone.
8:59 of 1st period - Minor Penalty to Mike Sillinger for Boarding.
9:00 of 1st period - Raffi Torres wins face-off versus Marian Gaborik in neutral zone.
9:08 of 1st period - Icing by Kim Johnsson.
9:09 of 1st period - Pavol Demitra wins face-off versus Raffi Torres in Wild zone.
10:43 of 1st period - Minor Penalty to Kyle Calder for Diving.
10:44 of 1st period - Shawn Horcoff wins face-off versus Marian Gaborik in neutral zone.
11:16 of 1st period - Icing by Jarret Stoll.
11:17 of 1st period - Marian Gaborik wins face-off versus Jarret Stoll in Oilers zone.
11:32 of 1st period - Shot by Ryan Smyth.
11:32 of 1st period - Stopped by Manny Fernandez with a rebound.
12:51 of 1st period - Shot by Marty Reasoner.
12:51 of 1st period - Shot Misses the Net.
13:12 of 1st period - Shot by Keith Tkachuk.
13:12 of 1st period - Shot Misses the Net.
13:13 of 1st period - Shot by Steve Staios.
13:13 of 1st period - Stopped by Manny Fernandez without a rebound.
13:14 of 1st period - Mikko Koivu wins face-off versus Ethan Moreau in Wild zone.
13:21 of 1st period - Shot by Mikko Koivu.
13:21 of 1st period - Shot Misses the Net.
13:33 of 1st period - Petr Sykora is hit by Eric Brewer and loses puck.
13:53 of 1st period - Shot by Raffi Torres.
13:53 of 1st period - Shot Blocked by Mikael Samuelsson.
16:25 of 1st period - Icing by Martin Skoula.
16:26 of 1st period - Todd White wins face-off versus Jarret Stoll in Wild zone.
17:21 of 1st period - Shot by Alexandre Daigle.
17:21 of 1st period - Shot Blocked by Nicklas Lidstrom.
17:22 of 1st period - Shot by Kurtis Foster.
17:22 of 1st period - Shot Misses the Net.
17:49 of 1st period - Shot by Petr Sykora.
17:49 of 1st period - Stopped by Manny Fernandez without a rebound.
17:50 of 1st period - Mark Parrish wins face-off versus Marty Reasoner in Wild zone.
17:57 of 1st period - Shot by Keith Tkachuk.
17:57 of 1st period - Shot Misses the Net.
18:02 of 1st period - Shot by Keith Tkachuk.
18:02 of 1st period - Stopped by Manny Fernandez with a rebound.
18:03 of 1st period - Shot by Steve Staios.
18:03 of 1st period - Shot Blocked by Keith Carney.
18:04 of 1st period - Shot by Keith Tkachuk.
18:04 of 1st period - Goal by Keith Tkachuk.
18:05 of 1st period - Shawn Horcoff wins face-off versus Wes Walz in neutral zone.
18:16 of 1st period - Shot by Mike Sillinger.
18:16 of 1st period - Stopped by Manny Fernandez without a rebound.
18:17 of 1st period - Alexandre Daigle wins face-off versus Marty Reasoner in Wild zone.
18:28 of 1st period - Shot by Marian Gaborik.
18:28 of 1st period - Shot Misses the Net.
18:45 of 1st period - Shot by Ales Hemsky.
18:45 of 1st period - Stopped by Manny Fernandez with a rebound.
18:46 of 1st period - Shot by Steve Staios.
18:46 of 1st period - Stopped by Manny Fernandez without a rebound.
18:47 of 1st period - Jarret Stoll wins face-off versus Mark Parrish in Wild zone.
18:56 of 1st period - Shot by Joffrey Lupul.
18:56 of 1st period - Shot Misses the Net.
19:01 of 1st period - Shot by Jarret Stoll.
19:01 of 1st period - Goal by Jarret Stoll.
19:02 of 1st period - Shawn Horcoff wins face-off versus Wes Walz in neutral zone.
19:05 of 1st period - Shot by Ryan Smyth.
19:05 of 1st period - Goal by Ryan Smyth.
19:06 of 1st period - Shawn Horcoff wins face-off versus Alexandre Daigle in neutral zone.
19:24 of 1st period - Icing by Nick Schultz.
19:25 of 1st period - Jarret Stoll wins face-off versus Wes Walz in Wild zone.
19:56 of 1st period - Shot by Mark Parrish.
19:56 of 1st period - Stopped by Dwayne Roloson without a rebound.
19:57 of 1st period - Pavol Demitra wins face-off versus Ryan Smyth in Oilers zone.

Period #2

0:01 of 2nd period - Ryan Smyth wins face-off versus Pavol Demitra in neutral zone.
0:22 of 2nd period - Shot by Shawn Horcoff.
0:22 of 2nd period - Shot Blocked by Kim Johnsson.
0:25 of 2nd period - Shot by Mike Sillinger.
0:25 of 2nd period - Shot Misses the Net.
0:28 of 2nd period - Shot by Mike Sillinger.
0:28 of 2nd period - Shot Misses the Net.
0:31 of 2nd period - Shot by Ryan Smyth.
0:31 of 2nd period - Stopped by Manny Fernandez with a rebound.
0:45 of 2nd period - Icing by Nicklas Lidstrom.
0:46 of 2nd period - Shawn Horcoff wins face-off versus Todd White in Oilers zone.
0:51 of 2nd period - Shot by Ryan Smyth.
0:51 of 2nd period - Stopped by Manny Fernandez with a rebound.
1:32 of 2nd period - Shot by Joffrey Lupul.
1:32 of 2nd period - Shot Blocked by Martin Skoula.
1:33 of 2nd period - Shot by Jason Smith.
1:33 of 2nd period - Shot Blocked by Keith Carney.
1:58 of 2nd period - Shot by Fernando Pisani.
1:58 of 2nd period - Stopped by Manny Fernandez without a rebound.
1:59 of 2nd period - Pavol Demitra wins face-off versus Marty Reasoner in Wild zone.
2:05 of 2nd period - Off-side.
2:06 of 2nd period - Marty Reasoner wins face-off versus Wes Walz in neutral zone.
2:15 of 2nd period - Shot by Keith Tkachuk.
2:15 of 2nd period - Stopped by Manny Fernandez without a rebound.
2:16 of 2nd period - Pavol Demitra wins face-off versus Marty Reasoner in Wild zone.
2:31 of 2nd period - Shot by Pavol Demitra.
2:31 of 2nd period - Shot Blocked by Keith Tkachuk.
2:34 of 2nd period - Shot by Marian Gaborik.
2:34 of 2nd period - Shot Misses the Net.
2:37 of 2nd period - Shot by Pavol Demitra.
2:37 of 2nd period - Shot Blocked by Marc-Andre Bergeron.
2:40 of 2nd period - Shot by Pavol Demitra.
2:40 of 2nd period - Shot Misses the Net.
2:45 of 2nd period - Shot by Brian Rolston.
2:45 of 2nd period - Stopped by Dwayne Roloson without a rebound.
2:46 of 2nd period - Shawn Horcoff wins face-off versus Wes Walz in Oilers zone.
2:51 of 2nd period - Shot by Shawn Horcoff.
2:51 of 2nd period - Stopped by Manny Fernandez without a rebound.
2:52 of 2nd period - Jarret Stoll wins face-off versus Pierre-Marc Bouchard in Wild zone.
3:14 of 2nd period - Icing by Jarret Stoll.
3:15 of 2nd period - Mikko Koivu wins face-off versus Jarret Stoll in Oilers zone.
3:35 of 2nd period - Minor Penalty to Lubomir Visnovsky for Tripping.
3:36 of 2nd period - Shawn Horcoff wins face-off versus Marian Gaborik in neutral zone.
3:45 of 2nd period - Shot by Shawn Horcoff.
3:45 of 2nd period - Shot Blocked by Keith Carney.
3:53 of 2nd period - Icing by Nicklas Lidstrom.
3:54 of 2nd period - Brian Rolston wins face-off versus Shawn Horcoff in Oilers zone.
4:34 of 2nd period - Icing by Petr Sykora.
4:35 of 2nd period - Shawn Horcoff wins face-off versus Brian Rolston in Oilers zone.
5:32 of 2nd period - Shot by Ryan Smyth.
5:32 of 2nd period - Shot Misses the Net.
5:41 of 2nd period - Shot by Pierre-Marc Bouchard.
5:41 of 2nd period - Stopped by Dwayne Roloson without a rebound.
5:42 of 2nd period - Wes Walz wins face-off versus Marty Reasoner in Oilers zone.
5:53 of 2nd period - Shot by Wes Walz.
5:53 of 2nd period - Shot Misses the Net.
5:54 of 2nd period - Shot by Nick Schultz.
5:54 of 2nd period - Shot Blocked by Steve Staios.
5:57 of 2nd period - Shot by Alexandre Daigle.
5:57 of 2nd period - Stopped by Dwayne Roloson without a rebound.
5:58 of 2nd period - Todd White wins face-off versus Ethan Moreau in Oilers zone.
6:00 of 2nd period - Minor Penalty to Petr Sykora for Hooking.
6:01 of 2nd period - Raffi Torres wins face-off versus Todd White in Oilers zone.
6:20 of 2nd period - Shot by Kyle Calder.
6:20 of 2nd period - Stopped by Dwayne Roloson without a rebound.
6:21 of 2nd period - Pavol Demitra wins face-off versus Raffi Torres in Oilers zone.
6:26 of 2nd period - Shot by Marian Gaborik.
6:26 of 2nd period - Shot Misses the Net.
6:27 of 2nd period - Shot by Lubomir Visnovsky.
6:27 of 2nd period - Stopped by Dwayne Roloson without a rebound.
6:28 of 2nd period - Raffi Torres wins face-off versus Pavol Demitra in Oilers zone.
6:41 of 2nd period - Shot by Marian Gaborik.
6:41 of 2nd period - Shot Blocked by Jason Smith.
7:38 of 2nd period - Shot by Mark Parrish.
7:38 of 2nd period - Stopped by Dwayne Roloson without a rebound.
7:39 of 2nd period - Todd White wins face-off versus Raffi Torres in Oilers zone.
8:03 of 2nd period - Minor Penalty to Kurtis Foster for Interference.
8:04 of 2nd period - Shawn Horcoff wins face-off versus Brian Rolston in Wild zone.
8:27 of 2nd period - Shot by Shawn Horcoff.
8:27 of 2nd period - Goal by Ales Hemsky.
8:27 of 2nd period - Jason Bacashihua enters game.
8:28 of 2nd period - Wes Walz wins face-off versus Jarret Stoll in neutral zone.
9:09 of 2nd period - Shot by Jarret Stoll.
9:09 of 2nd period - Stopped by Jason Bacashihua without a rebound.
9:10 of 2nd period - Todd White wins face-off versus Marty Reasoner in Wild zone.
9:29 of 2nd period - Shot by Kyle Calder.
9:29 of 2nd period - Stopped by Dwayne Roloson without a rebound.
9:30 of 2nd period - Shawn Horcoff wins face-off versus Mikko Koivu in Oilers zone.
9:30 of 2nd period - Ryan Smyth is hit by Brian Rolston and loses puck.
10:37 of 2nd period - Off-side.
10:38 of 2nd period - Todd White wins face-off versus Ales Hemsky in neutral zone.
10:40 of 2nd period - Kyle Calder is hit by Steve Staios and loses puck.
10:56 of 2nd period - Shot by Kyle Calder.
10:56 of 2nd period - Shot Misses the Net.
10:59 of 2nd period - Shot by Mark Parrish.
10:59 of 2nd period - Stopped by Dwayne Roloson without a rebound.
11:00 of 2nd period - Wes Walz wins face-off versus Jarret Stoll in Oilers zone.
11:00 of 2nd period - Alexandre Daigle is hit by Jarret Stoll and loses puck.
11:10 of 2nd period - Shot by Jarret Stoll.
11:10 of 2nd period - Shot Misses the Net.
11:13 of 2nd period - Shot by Jarret Stoll.
11:13 of 2nd period - Shot Blocked by Nick Schultz.
11:14 of 2nd period - Shot by Jarret Stoll.
11:14 of 2nd period - Shot Misses the Net.
11:25 of 2nd period - Shot by Joffrey Lupul.
11:25 of 2nd period - Shot Misses the Net.
11:26 of 2nd period - Shot by Ruslan Salei.
11:26 of 2nd period - Shot Misses the Net.
11:27 of 2nd period - Shot by Ruslan Salei.
11:27 of 2nd period - Shot Misses the Net.
11:28 of 2nd period - Shot by Fernando Pisani.
11:28 of 2nd period - Stopped by Jason Bacashihua without a rebound.
11:29 of 2nd period - Marty Reasoner wins face-off versus Mark Parrish in Wild zone.
11:56 of 2nd period - Shot by Ales Hemsky.
11:56 of 2nd period - Stopped by Jason Bacashihua without a rebound.
11:57 of 2nd period - Pavol Demitra wins face-off versus Ethan Moreau in Wild zone.
11:59 of 2nd period - Icing by Kim Johnsson.
12:00 of 2nd period - Joffrey Lupul wins face-off versus Pavol Demitra in Wild zone.
12:41 of 2nd period - Shot by Jarret Stoll.
12:41 of 2nd period - Stopped by Jason Bacashihua without a rebound.
12:42 of 2nd period - Shawn Horcoff wins face-off versus Todd White in Wild zone.
12:45 of 2nd period - Shot by Mike Sillinger.
12:45 of 2nd period - Stopped by Jason Bacashihua without a rebound.
12:46 of 2nd period - Todd White wins face-off versus Shawn Horcoff in Wild zone.
14:16 of 2nd period - Ales Hemsky is hit by Wes Walz and loses puck.
15:05 of 2nd period - Icing by Jason Smith.
15:06 of 2nd period - Pavol Demitra wins face-off versus Joffrey Lupul in Oilers zone.
15:09 of 2nd period - Shot by Brian Rolston.
15:09 of 2nd period - Shot Misses the Net.
15:44 of 2nd period - Shot by Petr Sykora.
15:44 of 2nd period - Shot Misses the Net.
15:45 of 2nd period - Shot by Brendan Witt.
15:45 of 2nd period - Shot Hit the Post.
15:46 of 2nd period - Shot by Raffi Torres.
15:46 of 2nd period - Stopped by Jason Bacashihua without a rebound.
15:47 of 2nd period - Shawn Horcoff wins face-off versus Mark Parrish in Wild zone.
16:17 of 2nd period - Ryan Smyth is hit by Todd White and loses puck.
16:48 of 2nd period - Ales Hemsky is hit by Martin Skoula and loses puck.
17:26 of 2nd period - Shot by Marty Reasoner.
17:26 of 2nd period - Stopped by Jason Bacashihua without a rebound.
17:27 of 2nd period - Jarret Stoll wins face-off versus Marian Gaborik in Wild zone.
17:30 of 2nd period - Shot by Fernando Pisani.
17:30 of 2nd period - Stopped by Jason Bacashihua without a rebound.
17:31 of 2nd period - Jarret Stoll wins face-off versus Pavol Demitra in Wild zone.
17:34 of 2nd period - Shot by Fernando Pisani.
17:34 of 2nd period - Shot Misses the Net.
17:39 of 2nd period - Shot by Brian Rolston.
17:39 of 2nd period - Shot Blocked by Ruslan Salei.
17:44 of 2nd period - Shot by Marian Gaborik.
17:44 of 2nd period - Stopped by Dwayne Roloson with a rebound.
17:58 of 2nd period - Jarret Stoll is hit by Lubomir Visnovsky and loses puck.
18:19 of 2nd period - Joffrey Lupul is hit by Pavol Demitra and loses puck.
18:34 of 2nd period - Petr Sykora is hit by Pavol Demitra and loses puck.
18:53 of 2nd period - Icing by Lubomir Visnovsky.
18:54 of 2nd period - Brian Rolston wins face-off versus Marty Reasoner in Wild zone.
19:08 of 2nd period - Keith Tkachuk is hit by Nick Schultz and loses puck.
19:28 of 2nd period - Shot by Keith Tkachuk.
19:28 of 2nd period - Shot Blocked by Nick Schultz.
19:29 of 2nd period - Shot by Keith Tkachuk.
19:29 of 2nd period - Shot Misses the Net.
19:32 of 2nd period - Shot by Ales Hemsky.
19:32 of 2nd period - Shot Blocked by Kurtis Foster.
19:35 of 2nd period - Shot by Ales Hemsky.
19:35 of 2nd period - Goal by Ales Hemsky.
19:36 of 2nd period - Todd White wins face-off versus Shawn Horcoff in neutral zone.
19:36 of 2nd period - Kyle Calder is hit by Brendan Witt and loses puck.
19:44 of 2nd period - Shot by Kyle Calder.
19:44 of 2nd period - Shot Misses the Net.
19:47 of 2nd period - Shot by Todd White.
19:47 of 2nd period - Shot Misses the Net.
19:50 of 2nd period - Shot by Mark Parrish.
19:50 of 2nd period - Stopped by Dwayne Roloson without a rebound.
19:51 of 2nd period - Wes Walz wins face-off versus Jarret Stoll in Oilers zone.
19:54 of 2nd period - Shot by Alexandre Daigle.
19:54 of 2nd period - Shot Misses the Net.

Period #3

0:01 of 3rd period - Shawn Horcoff wins face-off versus Pavol Demitra in neutral zone.
0:10 of 3rd period - Shot by Ryan Smyth.
0:10 of 3rd period - Stopped by Jason Bacashihua with a rebound.
0:19 of 3rd period - Shot by Pavol Demitra.
0:19 of 3rd period - Stopped by Dwayne Roloson without a rebound.
0:20 of 3rd period - Todd White wins face-off versus Jarret Stoll in Oilers zone.
0:20 of 3rd period - Mark Parrish is hit by Fernando Pisani and loses puck.
0:25 of 3rd period - Minor Penalty to Jarret Stoll for Hooking.
0:26 of 3rd period - Todd White wins face-off versus Shawn Horcoff in Oilers zone.
0:27 of 3rd period - Shot by Kyle Calder.
0:27 of 3rd period - Shot Misses the Net.
0:32 of 3rd period - Shot by Mark Parrish.
0:32 of 3rd period - Stopped by Dwayne Roloson without a rebound.
0:33 of 3rd period - Pavol Demitra wins face-off versus Raffi Torres in Oilers zone.
0:41 of 3rd period - Icing by Kim Johnsson.
0:42 of 3rd period - Pavol Demitra wins face-off versus Raffi Torres in Wild zone.
0:55 of 3rd period - Shot by Brian Rolston.
0:55 of 3rd period - Stopped by Dwayne Roloson with a rebound.
1:00 of 3rd period - Shot by Pavol Demitra.
1:00 of 3rd period - Shot Misses the Net.
1:03 of 3rd period - Shot by Marian Gaborik.
1:03 of 3rd period - Shot Misses the Net.
1:22 of 3rd period - Shot by Marian Gaborik.
1:22 of 3rd period - Stopped by Dwayne Roloson without a rebound.
1:23 of 3rd period - Todd White wins face-off versus Shawn Horcoff in Oilers zone.
2:30 of 3rd period - Shot by Pierre-Marc Bouchard.
2:30 of 3rd period - Shot Blocked by Marc-Andre Bergeron.
2:33 of 3rd period - Shot by Wes Walz.
2:33 of 3rd period - Goal by Wes Walz.
2:34 of 3rd period - Wes Walz wins face-off versus Marty Reasoner in neutral zone.
2:56 of 3rd period - Off-side.
2:57 of 3rd period - Jarret Stoll wins face-off versus Pavol Demitra in neutral zone.
3:06 of 3rd period - Shot by Joffrey Lupul.
3:06 of 3rd period - Stopped by Jason Bacashihua without a rebound.
3:07 of 3rd period - Shawn Horcoff wins face-off versus Mikko Koivu in Wild zone.
3:12 of 3rd period - Shot by Mike Sillinger.
3:12 of 3rd period - Stopped by Jason Bacashihua with a rebound.
3:15 of 3rd period - Shot by Ryan Smyth.
3:15 of 3rd period - Stopped by Jason Bacashihua without a rebound.
3:16 of 3rd period - Wes Walz wins face-off versus Jarret Stoll in Wild zone.
3:25 of 3rd period - Shot by Alexandre Daigle.
3:25 of 3rd period - Stopped by Dwayne Roloson without a rebound.
3:26 of 3rd period - Pavol Demitra wins face-off versus Shawn Horcoff in Oilers zone.
3:26 of 3rd period - Marian Gaborik is hit by Mike Sillinger and loses puck.
3:54 of 3rd period - Shot by Marian Gaborik.
3:54 of 3rd period - Shot Blocked by Brendan Witt.
3:55 of 3rd period - Shot by Lubomir Visnovsky.
3:55 of 3rd period - Shot Misses the Net.
3:56 of 3rd period - Shot by Pavol Demitra.
3:56 of 3rd period - Stopped by Dwayne Roloson without a rebound.
3:57 of 3rd period - Jarret Stoll wins face-off versus Todd White in Oilers zone.
4:42 of 3rd period - Shot by Fernando Pisani.
4:42 of 3rd period - Stopped by Jason Bacashihua with a rebound.
4:45 of 3rd period - Shot by Joffrey Lupul.
4:45 of 3rd period - Stopped by Jason Bacashihua without a rebound.
4:46 of 3rd period - Pavol Demitra wins face-off versus Shawn Horcoff in Wild zone.
4:55 of 3rd period - Shot by Brian Rolston.
4:55 of 3rd period - Shot Misses the Net.
4:56 of 3rd period - Shot by Marian Gaborik.
4:56 of 3rd period - Stopped by Dwayne Roloson with a rebound.
4:59 of 3rd period - Shot by Pavol Demitra.
4:59 of 3rd period - Shot Blocked by Nicklas Lidstrom.
5:00 of 3rd period - Shot by Lubomir Visnovsky.
5:00 of 3rd period - Shot Misses the Net.
5:03 of 3rd period - Shot by Brian Rolston.
5:03 of 3rd period - Stopped by Dwayne Roloson without a rebound.
5:04 of 3rd period - Wes Walz wins face-off versus Marty Reasoner in Oilers zone.
5:07 of 3rd period - Shot by Wes Walz.
5:07 of 3rd period - Shot Misses the Net.
5:21 of 3rd period - Minor Penalty to Steve Staios for High sticking.
5:22 of 3rd period - Pavol Demitra wins face-off versus Ryan Smyth in Wild zone.
5:24 of 3rd period - Icing by Brian Rolston.
5:25 of 3rd period - Pavol Demitra wins face-off versus Raffi Torres in Wild zone.
5:52 of 3rd period - Shot by Pavol Demitra.
5:52 of 3rd period - Stopped by Dwayne Roloson with a rebound.
5:55 of 3rd period - Shot by Marian Gaborik.
5:55 of 3rd period - Shot Misses the Net.
5:56 of 3rd period - Shot by Kim Johnsson.
5:56 of 3rd period - Stopped by Dwayne Roloson without a rebound.
5:57 of 3rd period - Todd White wins face-off versus Raffi Torres in Oilers zone.
8:32 of 3rd period - Shot by Fernando Pisani.
8:32 of 3rd period - Shot Misses the Net.
8:33 of 3rd period - Shot by Jason Smith.
8:33 of 3rd period - Stopped by Jason Bacashihua without a rebound.
8:34 of 3rd period - Pavol Demitra wins face-off versus Shawn Horcoff in Wild zone.
9:16 of 3rd period - Icing by Lubomir Visnovsky.
9:17 of 3rd period - Brian Rolston wins face-off versus Jarret Stoll in Wild zone.
9:28 of 3rd period - Shot by Pavol Demitra.
9:28 of 3rd period - Goal by Pavol Demitra.
9:29 of 3rd period - Todd White wins face-off versus Marty Reasoner in neutral zone.
11:11 of 3rd period - Icing by Nick Schultz.
11:12 of 3rd period - Jarret Stoll wins face-off versus Alexandre Daigle in Wild zone.
11:13 of 3rd period - Shot by Joffrey Lupul.
11:13 of 3rd period - Stopped by Jason Bacashihua without a rebound.
11:14 of 3rd period - Pavol Demitra wins face-off versus Jarret Stoll in Wild zone.
11:55 of 3rd period - Shot by Pavol Demitra.
11:55 of 3rd period - Stopped by Dwayne Roloson without a rebound.
11:56 of 3rd period - Wes Walz wins face-off versus Marty Reasoner in Oilers zone.
11:59 of 3rd period - Shot by Pierre-Marc Bouchard.
11:59 of 3rd period - Stopped by Dwayne Roloson without a rebound.
12:00 of 3rd period - Wes Walz wins face-off versus Marty Reasoner in Oilers zone.
12:03 of 3rd period - Shot by Alexandre Daigle.
12:03 of 3rd period - Stopped by Dwayne Roloson with a rebound.
13:07 of 3rd period - Minor Penalty to Brendan Witt for Elbowing.
13:08 of 3rd period - Raffi Torres wins face-off versus Pavol Demitra in Wild zone.
13:39 of 3rd period - Shot by Brian Rolston.
13:39 of 3rd period - Shot Misses the Net.
13:52 of 3rd period - Shot by Marian Gaborik.
13:52 of 3rd period - Shot Misses the Net.
13:55 of 3rd period - Shot by Brian Rolston.
13:55 of 3rd period - Stopped by Dwayne Roloson without a rebound.
13:56 of 3rd period - Todd White wins face-off versus Raffi Torres in Oilers zone.
14:56 of 3rd period - Icing by Pavol Demitra.
14:57 of 3rd period - Pavol Demitra wins face-off versus Shawn Horcoff in Wild zone.
15:15 of 3rd period - Minor Penalty to Keith Tkachuk for Holding.
15:16 of 3rd period - Shawn Horcoff wins face-off versus Pavol Demitra in Oilers zone.
16:45 of 3rd period - Shot by Raffi Torres.
16:45 of 3rd period - Shot Misses the Net.
17:19 of 3rd period - Minor Penalty to Ales Hemsky for Elbowing.
17:20 of 3rd period - Raffi Torres wins face-off versus Todd White in Oilers zone.
17:29 of 3rd period - Shot by Kyle Calder.
17:29 of 3rd period - Shot Blocked by Brendan Witt.
17:30 of 3rd period - Shot by Martin Skoula.
17:30 of 3rd period - Stopped by Dwayne Roloson with a rebound.
17:31 of 3rd period - Shot by Martin Skoula.
17:31 of 3rd period - Shot Misses the Net.
17:42 of 3rd period - Shot by Kyle Calder.
17:42 of 3rd period - Stopped by Dwayne Roloson without a rebound.
17:43 of 3rd period - Raffi Torres wins face-off versus Pavol Demitra in Oilers zone.
19:01 of 3rd period - Icing by Wes Walz.
19:02 of 3rd period - Keith Tkachuk wins face-off versus Pierre-Marc Bouchard in Wild zone.
19:08 of 3rd period - Minor Penalty to Kurtis Foster for Slashing.
19:09 of 3rd period - Brian Rolston wins face-off versus Ryan Smyth in Wild zone.
19:26 of 3rd period - Shot by Ales Hemsky.
19:26 of 3rd period - Stopped by Jason Bacashihua without a rebound.
19:27 of 3rd period - Shawn Horcoff wins face-off versus Marian Gaborik in Wild zone.
19:38 of 3rd period - Shot by Ales Hemsky.
19:38 of 3rd period - Shot Blocked by Keith Carney.
19:41 of 3rd period - Shot by Keith Tkachuk.
19:41 of 3rd period - Shot Blocked by Keith Carney.
19:42 of 3rd period - Shot by Nicklas Lidstrom.
19:42 of 3rd period - Shot Blocked by Martin Skoula.
19:56 of 3rd period - Off-side.
19:57 of 3rd period - Brian Rolston wins face-off versus Jarret Stoll in neutral zone.


Output by the STHS for Stephane Roy -- Original Page W3C XHTML 1.0 Valid